[Event "ICCopen2016"]
[Site "Internet Chess Club"]
[Date "2016.06.03"]
[Round "9"]
[White "Entoloma"]
[Black "Schack"]
[Result "1-0"]
[ICCResult "Black resigns"]
[WhiteElo "2029"]
[BlackElo "1667"]
[Opening "Trompowsky attack (Ruth, Opocenský opening)"]
[ECO "A45"]
[NIC "QP.07"]
[Time "20:34:42"]
[TimeControl "180+0"]

1. d4 Nf6 2. Bg5 Ne4 3. h4 Nxg5 4. hxg5 e6 5. e3 Qxg5 6. Nf3 Qd8 7. c4 d5 8.
Nc3 Bb4 9. Bd3 c6 10. cxd5 cxd5 11. Ne5 Nc6 12. Nxc6 bxc6 13. Rc1 f5 14. Kf1
Qb6 15. Na4 Qa5 16. Qc2 Bd7 17. Qb3 Bd6 18. Nc5 Bxc5 19. Rxc5 Qb6 20. Qc2
O-O 21. g3 Rab8 22. b3 a5 23. Kg2 a4 24. Rc3 axb3 25. axb3 Qb4 26. Qc1 Rfc8
27. Rd1 Ra8 28. Rd2 Qa3 29. Rb2 Rcb8 30. Qc2 Ra7 31. g4 g6 32. gxf5 exf5 33.
Kf3 Rab7 34. Ke2 Kf7 35. Kd2 Kf6 36. Ke2 h5 37. Kf3 Rh8 38. Rc5 h4 39. Kg2
h3+ 40. Kh2 Qa8 41. f4 Rh4 42. b4 Rb8 43. b5 Rbh8 44. bxc6 Rxf4 45. exf4 Qb8
46. Qf2 Bxc6 47. Rxb8 {Black resigns} 1-0

[Event "ICCopen2016"]
[Site "Internet Chess Club"]
[Date "2016.06.03"]
[Round "9"]
[White "jps7"]
[Black "Ira57"]
[Result "0-1"]
[ICCResult "White checkmated"]
[WhiteElo "1526"]
[BlackElo "1659"]
[Opening "King's Indian: East Indian defense"]
[ECO "A48"]
[NIC "QP.06"]
[Time "20:34:23"]
[TimeControl "180+0"]

1. d4 Nf6 2. Nf3 g6 3. e3 Bg7 4. Bd3 d5 5. O-O O-O 6. b3 Nbd7 7. Bb2 b6 8.
Nbd2 Bb7 9. Qe2 Ne4 10. c4 e6 11. cxd5 exd5 12. Rac1 Re8 13. Nb1 c6 14. Qc2
Rc8 15. Bxe4 dxe4 16. Nfd2 Qe7 17. Nc4 c5 18. dxc5 Bxb2 19. Qxb2 Nxc5 20.
Rcd1 Nd3 21. Qd4 Red8 22. Qa1 Ba6 23. Nbd2 b5 24. Nb2 Rc2 25. Nxd3 Rxd3 26.
Nb1 b4 27. Rxd3 exd3 28. Rd1 Qc7 29. Nd2 Qc3 30. h3 Rxd2 31. Qxc3 Rxd1+ 32.
Kh2 bxc3 33. b4 c2 34. a4 c1=Q 35. b5 Rh1+ 36. Kg3 Qc7+ 37. Kf3 Bb7+ 38. e4
Qc3 39. Ke3 d2+ 40. Kf4 g5+ 41. Kxg5 Qe5+ 42. Kg4 Bc8+ 43. Kf3 Qc3+ 44. Ke2
Re1# {White checkmated} 0-1

[Event "ICCopen2016"]
[Site "Internet Chess Club"]
[Date "2016.06.03"]
[Round "9"]
[White "PaYbAcK"]
[Black "Darnoc"]
[Result "1-0"]
[ICCResult "Black forfeits on time"]
[WhiteElo "2806"]
[BlackElo "2849"]
[Opening "QGD Slav: Soultanbéieff variation"]
[ECO "D16"]
[NIC "SL.03"]
[Time "20:34:18"]
[TimeControl "180+0"]

1. d4 d5 2. Nf3 Nf6 3. c4 c6 4. Nc3 dxc4 5. a4 e6 6. e4 Bb4 7. Bxc4 Nxe4 8.
O-O Nf6 9. Bg5 Be7 10. a5 O-O 11. Ne5 Nfd7 12. Bxe7 Qxe7 13. a6 bxa6 14. Ne4
Bb7 15. Nd3 c5 16. Nexc5 Nb6 17. Nxb7 Qxb7 18. Nc5 Qe7 19. Qf3 N8d7 20. Bxa6
Nxc5 21. Qa3 Rfd8 22. dxc5 Nd5 23. c6 Qg5 24. Bb7 Rab8 25. Qg3 Qe7 26. Rxa7
e5 27. Raa1 Nf4 28. Rfe1 Qc7 29. Qc3 Rd4 30. h3 Rbd8 31. Ra8 Rxa8 32. Bxa8
g6 33. Bb7 Nd5 34. Qg3 Qd6 35. Qxe5 Qc5 36. c7 {Black forfeits on time} 1-0

[Event "ICCopen2016"]
[Site "Internet Chess Club"]
[Date "2016.06.03"]
[Round "9"]
[White "wolvie"]
[Black "senya"]
[Result "1-0"]
[ICCResult "Black forfeits on time"]
[WhiteElo "1554"]
[BlackElo "1117"]
[Opening "Caro-Kann defense"]
[ECO "B10"]
[NIC "CK.01"]
[Time "20:34:39"]
[TimeControl "180+0"]

1. e4 c6 2. Nf3 d5 3. exd5 cxd5 4. d4 a6 5. Be2 Nc6 6. O-O Bf5 7. h3 e6 8.
Nc3 h6 9. Bf4 Bd6 10. Bxd6 Qxd6 11. Qd2 Nge7 12. a3 b5 13. Rac1 O-O 14. Nh4
Bh7 15. f4 Nf5 16. Nf3 Rac8 17. Bd3 Qd8 18. Rfe1 Qb6 19. Ne2 Rc7 20. c3 Nfe7
21. Ne5 Nxe5 22. fxe5 Nf5 23. Qf4 Ne7 24. Bxh7+ Kxh7 25. g4 Ng6 26. Qf3 Nxe5
27. Qe3 Nc4 28. Qd3+ g6 29. Rf1 Rcc8 30. h4 f5 31. h5 Rf6 32. gxf5 exf5 33.
hxg6+ Rxg6+ 34. Kh1 Qe6 35. Nf4 Qe4+ 36. Qxe4 dxe4 37. Nxg6 Kxg6 38. Rg1+
Kf6 39. Rc2 {Black forfeits on time} 1-0

[Event "ICCopen2016"]
[Site "Internet Chess Club"]
[Date "2016.06.03"]
[Round "9"]
[White "TallTower"]
[Black "flinkfinger"]
[Result "1-0"]
[ICCResult "Black checkmated"]
[WhiteElo "1912"]
[BlackElo "2190"]
[Opening "Sicilian: accelerated fianchetto, Gurgenidze variation"]
[ECO "B36"]
[NIC "QP.10"]
[Time "20:34:26"]
[TimeControl "180+0"]

1. Nf3 c5 2. c4 g6 3. d4 cxd4 4. Nxd4 Nc6 5. e4 Nf6 6. Nc3 Nxd4 7. Qxd4 d6
8. Be2 Bg7 9. Be3 O-O 10. Qd2 a6 11. Rc1 Be6 12. O-O Qa5 13. f3 Rfc8 14. b3
b5 15. Nd5 Qxd2 16. Bxd2 Nxd5 17. cxd5 Bd7 18. Rxc8+ Rxc8 19. Rc1 Rxc1+ 20.
Bxc1 e6 21. dxe6 fxe6 22. Kf1 Kf7 23. Ke1 Bc6 24. Be3 d5 25. exd5 exd5 26.
Kd2 Ke6 27. Bc5 Be5 28. g3 Bf6 29. f4 h5 30. Bd3 Be8 31. Ke3 Bb2 32. Bd4
Bc1+ 33. Ke2 Bf7 34. Kf3 Ba3 35. h3 Bd6 36. g4 hxg4+ 37. hxg4 Ke7 38. f5
gxf5 39. Bxf5 b4 40. g5 Bh5+ 41. Ke3 Bc7 42. Bc5+ Kf7 43. Kd4 a5 44. Kxd5
Bd8 45. Kc6 Bxg5 46. Bb6 Bf3+ 47. Kb5 Kf6 48. Bd3 Bd2 49. Kxa5 Ke5 50. Bc5
Bc1 51. Bxb4 Kd4 52. Bc4 Bc6 53. a4 Bf4 54. Kb6 Be4 55. a5 Be3 56. a6 Ke5+
57. Ka5 Ba7 58. Kb5 Bf3 59. Bc5 Bb8 60. a7 Bxa7 61. Bxa7 Kd6 62. Bc5+ Kc7
63. Kb4 Kb7 64. Kc3 Bd1 65. b4 Bf3 66. b5 Bg2 67. Kb4 Bf3 68. Bb3 Be2 69.
Ba4 Bd3 70. Ka5 Bc4 71. b6 Bd3 72. Kb4 Be2 73. Bb5 Bf3 74. Kc3 Be4 75. Bc4
Bf3 76. Kd4 Bh1 77. Bd5+ Bxd5 78. Kxd5 Ka6 79. Kc6 Ka5 80. b7 Ka4 81. b8=Q
Ka5 82. Qb5# {Black checkmated} 1-0

[Event "ICCopen2016"]
[Site "Internet Chess Club"]
[Date "2016.06.03"]
[Round "9"]
[White "TitaniumNinja01"]
[Black "discdude"]
[Result "0-1"]
[ICCResult "White checkmated"]
[WhiteElo "1265"]
[BlackElo "1459"]
[Opening "French: exchange variation"]
[ECO "C01"]
[NIC "FR.01"]
[Time "20:35:32"]
[TimeControl "180+0"]

1. e4 e6 2. d4 d5 3. exd5 exd5 4. c4 Nf6 5. Nc3 c6 6. cxd5 Nxd5 7. Nf3 Bg4
8. Be2 Be7 9. Ne5 Bxe2 10. Qxe2 O-O 11. O-O Bd6 12. Nf3 Re8 13. Qd3 Nd7 14.
Bd2 N7f6 15. Rfe1 Qc7 16. Rxe8+ Rxe8 17. Re1 Rxe1+ 18. Bxe1 a6 19. Bd2 h6
20. h3 Bf4 21. Ne4 Bxd2 22. Nexd2 Qe7 23. Ne5 Nd7 24. Ndf3 f6 25. Nxd7 Qxd7
26. Qg6 Qf7 27. Qxf7+ Kxf7 28. Kf1 Ke6 29. Ke2 Kf5 30. g3 Ke4 31. a3 Nb6 32.
h4 Nc4 33. Nd2+ Nxd2 34. Kxd2 Kxd4 35. f3 b6 36. b3 c5 37. g4 g6 38. f4 Ke4
39. g5 fxg5 40. fxg5 hxg5 41. hxg5 Kf5 42. b4 cxb4 43. axb4 Kxg5 44. Kc3 Kf5
45. Kd4 g5 46. Kd5 a5 47. b5 a4 48. Kc6 a3 49. Kxb6 a2 50. Kc6 a1=Q 51. b6
Qc1+ 52. Kb7 Qb2 53. Kc7 Qc3+ 54. Kb7 Ke5 55. Ka6 Qa3+ 56. Kb7 Kd5 57. Kc7
Qc5+ 58. Kb7 Kd6 59. Ka6 Kc6 60. b7 Qb5+ 61. Ka7 Qxb7# {White checkmated}
0-1

[Event "ICCopen2016"]
[Site "Internet Chess Club"]
[Date "2016.06.03"]
[Round "9"]
[White "RJoseph12"]
[Black "paulohaddad"]
[Result "1-0"]
[ICCResult "Black checkmated"]
[WhiteElo "1347"]
[BlackElo "1640"]
[Opening "Ruy Lopez: exchange variation"]
[ECO "C68"]
[NIC "RL.08"]
[Time "20:34:30"]
[TimeControl "180+0"]

1. e4 e5 2. Nf3 Nc6 3. Bb5 a6 4. Bxc6 dxc6 5. h3 Nf6 6. d3 h6 7. Nxe5 Bc5 8.
Nf3 O-O 9. O-O Re8 10. d4 Ba7 11. e5 Nd5 12. c3 Bf5 13. Nbd2 c5 14. Nc4 cxd4
15. cxd4 Nb4 16. Ne3 Bg6 17. a3 Nd5 18. Nxd5 Qxd5 19. Be3 Rad8 20. Qc1 Be4
21. Qd1 Bxf3 22. Qxf3 Qxf3 23. gxf3 Bxd4 24. Bxd4 Rxd4 25. Kg2 Rxe5 26. Rac1
c6 27. Rc2 Rg5+ 28. Kh2 Rh4 29. Re1 Rgh5 30. Re8+ Kh7 31. Re7 Rxh3+ 32. Kg2
Rh2+ 33. Kg3 R5h3+ 34. Kf4 g5+ 35. Ke3 g4 36. Rxf7+ Kg6 37. Rf4 h5 38. Ke4
Rxf2 39. Rxf2 g3 40. Rg2 h4 41. Rg4+ Kh5 42. Kf4 Rh2 43. Kf5 Rxg2 44. Rg8
Kh6 45. Kf6 Kh7 46. Rg4 Kh6 47. Rxh4# {Black checkmated} 1-0

[Event "ICCopen2016"]
[Site "Internet Chess Club"]
[Date "2016.06.03"]
[Round "9"]
[White "Mad-Cobra"]
[Black "huntos"]
[Result "0-1"]
[ICCResult "White resigns"]
[WhiteElo "1835"]
[BlackElo "1642"]
[Opening "Queen's pawn game, Darooha variation "]
[ECO "D02"]
[NIC "QP.08"]
[Time "20:34:47"]
[TimeControl "180+0"]

1. d4 d5 2. Nf3 Nf6 3. g3 c5 4. c3 Nc6 5. Bg2 cxd4 6. cxd4 Bg4 7. e3 e6 8.
O-O Be7 9. h3 Bh5 10. a3 O-O 11. g4 Bg6 12. b4 Rc8 13. Bb2 Nb8 14. Nc3 Nbd7
15. Rc1 Nb6 16. Ne5 Nc4 17. Nxc4 Rxc4 18. Re1 Qd7 19. Qb3 Rfc8 20. Bf1 R4c7
21. Bb5 Qd8 22. f3 a6 23. Be2 h5 24. g5 Nh7 25. h4 Nf8 26. f4 Nd7 27. Na4
Rxc1 28. Rxc1 Rxc1+ 29. Bxc1 f6 30. Bd2 fxg5 31. hxg5 Nb6 32. Nc5 Bxg5 33.
fxg5 Qxg5+ 34. Kf2 Bf5 35. e4 Qxd2 36. exf5 Qxd4+ 37. Kf1 exf5 38. Nxb7 Nc4
39. Qf3 Nd2+ 40. Kg2 Nxf3 41. Bxf3 Qb2+ 42. Kg3 d4 43. Bd5+ Kh7 44. Kf4 d3
45. Kxf5 d2 46. Bf3 Qb1+ 47. Kf4 d1=Q 48. Bxd1 Qxd1 49. Nc5 Qc1+ 50. Ke4
Qxa3 51. Nd3 Qc3 52. Ke3 h4 53. Ke4 h3 54. Nf4 Qxb4+ 55. Kf3 Qxf4+ 56. Kxf4
h2 57. Kg3 h1=Q 58. Kf2 Qd5 59. Ke3 a5 60. Kf4 a4 61. Ke3 a3 62. Kf2 a2
{White resigns}
0-1

[Event "ICCopen2016"]
[Site "Internet Chess Club"]
[Date "2016.06.03"]
[Round "9"]
[White "fearlessone"]
[Black "Chapo2"]
[Result "1-0"]
[ICCResult "Black checkmated"]
[WhiteElo "1704"]
[BlackElo "1978"]
[Opening "Van't Kruijs opening"]
[ECO "A00"]
[Time "20:35:29"]
[TimeControl "180+0"]

1. e3 e6 2. Ne2 d5 3. d3 c5 4. Nd2 Nc6 5. g3 Nge7 6. Bg2 Bd7 7. O-O Qc7 8.
b3 Ng6 9. Bb2 Rg8 10. a3 a5 11. c4 Nge7 12. cxd5 exd5 13. Rc1 b6 14. d4 Qd6
15. dxc5 bxc5 16. Nf4 Be6 17. Nxe6 fxe6 18. Nf3 Ng6 19. Qc2 Be7 20. Rfd1 Rc8
21. Qd2 Kf7 22. h4 Rgd8 23. Qc3 Bf6 24. Qd2 Bxb2 25. Qxb2 Kg8 26. Ng5 h6 27.
Nf3 Rf8 28. Qc2 Nge5 29. Nd2 Ne7 30. Nc4 Nxc4 31. bxc4 Qe5 32. cxd5 exd5 33.
Qd2 Rfd8 34. Qxa5 Ra8 35. Qxc5 Rac8 36. Qd4 Qxd4 37. exd4 Rxc1 38. Rxc1 Ra8
39. Ra1 Ra4 40. Bf1 Rxd4 41. a4 Nc6 42. a5 Na7 43. a6 Rb4 44. Bg2 Rb5 45.
Bf1 Rb6 46. Bg2 Rd6 47. Rd1 Rxa6 48. Bxd5+ Kh7 49. Bc4 Rc6 50. Bd5 Rf6 51.
Kg2 Nb5 52. Bc4 Nc3 53. Rd3 Ne4 54. Bd5 Nxf2 55. Rf3 Rxf3 56. Kxf3 Nd3 57.
Be4+ Kg8 58. Bxd3 Kf7 59. Be4 Kf6 60. h5 Kg5 61. g4 Kh4 62. Bg6 Kg5 63. Bf5
Kf6 64. Ke4 Kg5 65. Ke5 g6 66. hxg6 h5 67. gxh5 Kxh5 68. g7 Kh6 69. g8=Q Kh5
70. Qg6+ Kh4 71. Qg4# {Black checkmated} 1-0

[Event "ICCopen2016"]
[Site "Internet Chess Club"]
[Date "2016.06.03"]
[Round "9"]
[White "bullbuffalo"]
[Black "rookfish"]
[Result "1-0"]
[ICCResult "Black forfeits on time"]
[WhiteElo "1334"]
[BlackElo "1073"]
[Opening "Polish (Sokolsky) opening"]
[ECO "A00"]
[NIC "VO.10"]
[Time "20:34:39"]
[TimeControl "180+0"]

1. b4 e5 2. Bb2 Bxb4 3. Bxe5 Nc6 4. Bxg7 d5 5. Bxh8 Bg4 6. Nf3 Nf6 7. h3
Bxf3 8. gxf3 Qe7 9. h4 O-O-O 10. Bh3+ Kb8 11. Bg7 Nd4 12. Bg2 Qc5 13. c3
Nxe2 14. cxb4 Qxb4 15. Bxf6 Re8 16. Kf1 Qc4 17. d3 Qf4 18. Bg5 Qe5 19. Na3
Qd4 20. Qa4 Qxa4 21. Nc2 Qxc2 22. Rc1 Qxd3 23. Be3 Nxc1+ 24. Kg1 Ne2+ 25.
Kh2 Qg6 26. Bh3 Qd6+ 27. Kg2 Rg8+ 28. Bg4 Rxg4+ 29. fxg4 d4 30. Rh3 Qd5+ 31.
Kf1 Nc3 32. Bd2 {Black forfeits on time} 1-0

[Event "ICCopen2016"]
[Site "Internet Chess Club"]
[Date "2016.06.03"]
[Round "9"]
[White "HouseOfFun"]
[Black "Tyrel"]
[Result "0-1"]
[ICCResult "White checkmated"]
[WhiteElo "2414"]
[BlackElo "2019"]
[Opening "English opening"]
[ECO "A13"]
[NIC "EO.64"]
[Time "20:34:16"]
[TimeControl "180+0"]

1. c4 e6 2. g3 d5 3. d4 f5 4. Bg2 Nf6 5. Nc3 c6 6. e3 Bd6 7. Nge2 O-O 8. O-O
Nbd7 9. c5 Bc7 10. b4 Ne4 11. Bb2 e5 12. a4 exd4 13. Nxd4 Ne5 14. b5 Bd7 15.
bxc6 bxc6 16. f3 Nf6 17. Re1 Re8 18. e4 Nc4 19. Rb1 Ba5 20. Qd3 fxe4 21.
fxe4 Nxb2 22. Rxb2 dxe4 23. Qc4+ Kh8 24. Rd1 Qc7 25. Nce2 Bg4 26. Rdb1 Rab8
27. Qa6 Rxb2 28. Rxb2 Be1 29. Qxc6 Qe5 30. Rb1 Bd2 31. h3 Be3+ 32. Kh2 Bxd4
33. Nxd4 Qxd4 34. hxg4 Nxg4+ 35. Kh3 Nf6 36. Qd6 Qe3 37. Kh2 Ng4+ 38. Kh3
Nf6 39. Kh2 h6 40. Rf1 Qg5 41. Qf4 Qg6 42. Bh3 e3 43. c6 e2 44. Re1 Qc2 45.
c7 Nd5 46. Qf3 Nxc7 47. Bd7 Rd8 48. Rxe2 Qd3 49. Bf5 Qxf3 50. Rg2 Qxf5 51.
g4 Qf4+ 52. Kh3 Rd3+ 53. Kh4 Qg5# {White checkmated} 0-1

[Event "ICCopen2016"]
[Site "Internet Chess Club"]
[Date "2016.06.03"]
[Round "9"]
[White "JUGGERNOT"]
[Black "El-Kaiser"]
[Result "0-1"]
[ICCResult "White forfeits on time"]
[WhiteElo "1821"]
[BlackElo "2354"]
[Opening "Bird's opening: Lasker variation"]
[ECO "A03"]
[NIC "VO.07"]
[Time "20:34:32"]
[TimeControl "180+0"]

1. f4 d5 2. Nf3 Nf6 3. e3 c5 4. Be2 Nc6 5. O-O e6 6. d3 Bd6 7. Qe1 O-O 8.
Nc3 b6 9. Qh4 Bb7 10. e4 dxe4 11. dxe4 Be7 12. Qh3 Nd4 13. Nxd4 cxd4 14. e5
dxc3 15. exf6 Bxf6 16. bxc3 Rc8 17. Bd3 g6 18. Ba3 Re8 19. Rad1 Qc7 20. c4
Red8 21. Qg3 Ba6 22. Qg4 Bxc4 23. f5 Bxd3 24. cxd3 Rd4 25. Qf3 exf5 26. Bb2
Rd6 27. Bxf6 Rxf6 28. g4 f4 29. d4 g5 30. d5 Rd8 31. Rd2 Rfd6 32. Rfd1 Qe7
33. Re2 Qf6 34. a4 h5 35. gxh5 Qf5 36. Red2 g4 37. Qf2 Qxh5 38. Qxf4 Kf8 39.
Rg2 Rg6 40. Qc7 Rxd5 41. Rxd5 Qxd5 {White forfeits on time} 0-1

[Event "ICCopen2016"]
[Site "Internet Chess Club"]
[Date "2016.06.03"]
[Round "9"]
[White "Nedwis"]
[Black "Dlugy"]
[Result "1-0"]
[ICCResult "Black forfeits on time"]
[WhiteElo "2940"]
[BlackElo "2926"]
[Opening "Sicilian: Alapin's variation (2.c3)"]
[ECO "B22"]
[NIC "SI.46"]
[Time "20:34:31"]
[TimeControl "180+0"]

1. e4 c5 2. c3 d5 3. exd5 Qxd5 4. d4 cxd4 5. cxd4 e6 6. Nc3 Qd6 7. Bd3 Nf6
8. Nge2 Be7 9. Bf4 Qd8 10. O-O O-O 11. Qd2 a6 12. Rac1 b5 13. Ne4 Bb7 14.
Nc5 Bd5 15. Bg3 Nc6 16. Rfd1 Qb6 17. Bb1 Rfd8 18. Qe3 Rac8 19. Nd3 Nh5 20.
Ndf4 Nxg3 21. Qxg3 Bf8 22. Qh3 g6 23. Rc3 Bg7 24. Nxd5 Rxd5 25. Be4 Rdd8 26.
Rdc1 Ne7 27. Rxc8 Rxc8 28. Rxc8+ Nxc8 29. Qc3 Ne7 30. a3 f5 31. Bf3 Kf7 32.
h3 Qd6 33. b4 e5 34. Qb3+ Kf8 35. dxe5 Bxe5 36. g3 g5 37. Kg2 Kg7 38. Qe3 h6
39. Bb7 Bb2 40. Bxa6 Qc6+ 41. Kh2 Nd5 42. Qa7+ Kf6 43. Qb8 Qxa6 44. Qh8+ Kg6
45. Qxb2 Qb6 46. Kg1 f4 47. Qc2+ Kg7 48. Qf5 Qd6 49. Qd3 fxg3 50. Nxg3 Qe5
51. Nf5+ Kf6 52. Ne3 Nxe3 53. Qxe3 Qxe3 54. fxe3 Ke5 55. Kf2 Ke4 56. Kg3 h5
57. Kf2 g4 58. Kg3 gxh3 59. a4 {Black forfeits on time} 1-0

[Event "ICCopen2016"]
[Site "Internet Chess Club"]
[Date "2016.06.03"]
[Round "9"]
[White "hipopotamos"]
[Black "PawnTerminator"]
[Result "0-1"]
[ICCResult "White forfeits on time"]
[WhiteElo "1075"]
[BlackElo "1635"]
[Opening "French: advance, Steinitz variation"]
[ECO "C02"]
[NIC "FR.03"]
[Time "20:35:05"]
[TimeControl "180+0"]

1. e4 e6 2. d4 d5 3. e5 c5 4. dxc5 Bxc5 5. Nf3 Nc6 6. Nc3 a6 7. Bd3 Nge7 8.
Bg5 h6 9. Bd2 Qc7 10. Qe2 Nb4 11. O-O Nxd3 12. cxd3 Bd7 13. a3 Ng6 14. d4
Ba7 15. Rac1 Qb6 16. Rb1 Rc8 17. Be3 Ne7 18. Rfc1 Nf5 19. Qd3 Qa5 20. Rc2
O-O 21. Qd2 Qb6 22. Qe2 Nxe3 23. Qxe3 Bb5 24. Qd2 Rc4 25. Qe1 Rfc8
{White forfeits on time}
0-1

[Event "ICCopen2016"]
[Site "Internet Chess Club"]
[Date "2016.06.03"]
[Round "9"]
[White "mikeyb"]
[Black "Ohanessian"]
[Result "0-1"]
[ICCResult "White checkmated"]
[WhiteElo "2162"]
[BlackElo "2210"]
[Opening "Réti opening"]
[ECO "A04"]
[NIC "QP.10"]
[Time "20:34:19"]
[TimeControl "180+0"]

1. Nf3 c5 2. b3 Nf6 3. Bb2 g6 4. e3 Bg7 5. d4 cxd4 6. Nxd4 O-O 7. Be2 Nc6 8.
O-O Qc7 9. Nd2 a6 10. c4 d6 11. Rc1 Ne5 12. N2f3 Neg4 13. h3 Nh6 14. b4 Nf5
15. Nxf5 Bxf5 16. Nd4 Bd7 17. Bf3 Rac8 18. Qd2 Qb8 19. c5 d5 20. Rc3 e6 21.
Rfc1 Ba4 22. a3 Nd7 23. c6 bxc6 24. Nxc6 Bxc6 25. Rxc6 Bxb2 26. Qxb2 Rxc6
27. Rxc6 Ne5 28. Rc5 Nxf3+ 29. gxf3 Qb6 30. Qc3 Ra8 31. Rc8+ Rxc8 32. Qxc8+
Kg7 33. Qc3+ Kg8 34. f4 Qb5 35. Kg2 Qa4 36. Kg3 h5 37. h4 Qd1 38. Qc8+ Kg7
39. Qc3+ Kh7 40. Qf6 Qg1+ 41. Kf3 Qd1+ 42. Kg2 Qg4+ 43. Kf1 Qd1+ 44. Kg2
Qg4+ 45. Kh2 Kg8 46. Qd8+ Kg7 47. Qg5 Qf3 48. Kg1 Qd1+ 49. Kg2 Qb3 50. Qe5+
Kg8 51. Qb8+ Kh7 52. Qf8 Qxa3 53. Qxf7+ Kh6 54. Qf8+ Kh7 55. Qf7+ Kh6 56.
Qg8 Qc3 57. Qxe6 Qxb4 58. Qxd5 a5 59. Qg5+ Kh7 60. Qe5 a4 61. f5 Qg4+ 62.
Kf1 Qxf5 63. Qe7+ Kh8 64. Qb4 Qd3+ 65. Kg2 Qd5+ 66. f3 Qb3 67. Kg3 Qxb4 68.
f4 a3 69. f5 a2 70. fxg6 a1=Q 71. g7+ Kxg7 72. Kf3 Qg4+ 73. Kf2 Qb2+ 74. Ke1
Qg1# {White checkmated} 0-1

[Event "ICCopen2016"]
[Site "Internet Chess Club"]
[Date "2016.06.03"]
[Round "9"]
[White "chigamaster"]
[Black "depressnyak"]
[Result "1/2-1/2"]
[ICCResult "Game drawn by repetition"]
[WhiteElo "3004"]
[BlackElo "3211"]
[Opening "Caro-Kann: classical, 6.h4"]
[ECO "B19"]
[NIC "CK.11"]
[Time "20:34:54"]
[TimeControl "180+0"]

1. e4 c6 2. d4 d5 3. Nc3 dxe4 4. Nxe4 Bf5 5. Ng3 Bg6 6. h4 h6 7. Nf3 e6 8.
Ne5 Bh7 9. Bd3 Bxd3 10. Qxd3 Nd7 11. f4 Be7 12. Bd2 Bxh4 13. O-O-O Nxe5 14.
fxe5 Bxg3 15. Qxg3 Ne7 16. Qxg7 Rg8 17. Qxh6 Qxd4 18. Bg5 Qxe5 19. Bf6 Qg3
20. Bh4 Qg6 21. Qf4 Nf5 22. Kb1 Nxh4 23. Qxh4 Qf5 24. Rhf1 Qg5 25. Qh7 Rf8
26. a3 Rd8 27. Qe4 Qe7 28. Qa4 a6 29. Qe4 Rd5 30. c4 Rxd1+ 31. Rxd1 Qc7 32.
c5 Rg8 33. Rd6 Qe7 34. Ka2 Qg5 35. Qb4 Qe7 36. Qe4 Qg5 37. Qb4 Qe7 38. Qe4
{Game drawn by repetition}
1/2-1/2

[Event "ICCopen2016"]
[Site "Internet Chess Club"]
[Date "2016.06.03"]
[Round "9"]
[White "fviana"]
[Black "SurferRosa"]
[Result "1-0"]
[ICCResult "Black resigns"]
[WhiteElo "2205"]
[BlackElo "2431"]
[Opening "French: exchange variation"]
[ECO "C01"]
[NIC "FR.01"]
[Time "20:34:33"]
[TimeControl "180+0"]

1. e4 e6 2. d4 d5 3. exd5 exd5 4. Qf3 Bd6 5. Bd3 Nc6 6. c3 Nge7 7. Ne2 Be6
8. Bf4 Bxf4 9. Nxf4 Qd7 10. h3 Bf5 11. Nd2 Bxd3 12. Nxd3 Qd6 13. O-O-O O-O
14. h4 b5 15. Qf4 Qg6 16. Nf3 h6 17. h5 Qe4 18. Rhe1 Qxf4+ 19. Nxf4 Rfe8 20.
Ne5 Na5 21. g4 Nc4 22. b3 Nd6 23. f3 f6 24. Nd7 Kf7 25. Nc5 c6 26. Re6 Rad8
27. Rde1 Nec8 28. Kd2 Rxe6 29. Nfxe6 Re8 30. Kd3 Nb6 31. Re2 a5 32. Nf4 a4
33. Rxe8 Kxe8 34. Nfe6 Kf7 35. Nd8+ Ke8 36. Nxc6 axb3 37. axb3 Nd7 38. Nxd7
Kxd7 39. Nb4 Nf7 40. Nxd5 Ng5 41. Ke3 Ne6 42. c4 Kd6 43. Nc3 b4 44. Ne4+ Kc7
45. d5 Nd8 46. c5 Nf7 47. Kd4 Ne5 48. Nd2 Nd7 49. Kc4 Ne5+ 50. Kxb4 Nd3+ 51.
Kb5 Ne1 52. b4 Nc2 53. d6+ {Black resigns} 1-0

[Event "ICCopen2016"]
[Site "Internet Chess Club"]
[Date "2016.06.03"]
[Round "9"]
[White "Harmonie"]
[Black "Maxbet"]
[Result "1-0"]
[ICCResult "Black checkmated"]
[WhiteElo "3131"]
[BlackElo "2928"]
[Opening "Réti: King's Indian attack (Barcza system)"]
[ECO "A07"]
[NIC "QP.09"]
[Time "20:34:38"]
[TimeControl "180+0"]

1. Nf3 d5 2. g3 Bg4 3. Bg2 c6 4. h3 Bh5 5. c4 e6 6. O-O Nf6 7. d3 Nbd7 8.
cxd5 exd5 9. Nc3 Bc5 10. Qb3 Bb6 11. Na4 O-O 12. Bd2 Re8 13. Rfe1 Bxf3 14.
Bxf3 Qe7 15. Bg2 h6 16. a3 Nc5 17. Nxc5 Qxc5 18. e3 Qe7 19. Qc2 Nd7 20. b4
Ne5 21. Bc3 Rad8 22. Bb2 Qe6 23. Rad1 Qf5 24. Qe2 Nd7 25. Kh2 Bc7 26. e4 Qg6
27. f4 dxe4 28. dxe4 Nb6 29. b5 Na4 30. Ba1 Ba5 31. Rf1 Nc3 32. Bxc3 Bxc3
33. e5 cxb5 34. Qxb5 b6 35. Rd7 Qe6 36. Rfd1 Rxd7 37. Qxd7 a5 38. Bc6 Qxd7
39. Rxd7 Kf8 40. a4 Bb4 41. Kg2 Bc5 42. Kf3 g6 43. Ke4 Re7 44. Rd8+ Kg7 45.
g4 f6 46. Kd5 fxe5 47. fxe5 Rc7 48. e6 Re7 49. Bb5 Kf6 50. Bd7 Kg7 51. Rc8
Kf6 52. Rf8+ Kg7 53. Rf3 h5 54. Kc6 hxg4 55. hxg4 Bd4 56. Kc7 Bc5 57. Kd8
Bb4 58. g5 Bc5 59. Rf6 Kh7 60. Be8 Ra7 61. Bxg6+ Kg8 62. Bf7+ Kg7 63. Rg6+
Kf8 64. Rg8# {Black checkmated} 1-0

[Event "ICCopen2016"]
[Site "Internet Chess Club"]
[Date "2016.06.03"]
[Round "9"]
[White "Drahacik"]
[Black "wjjones88"]
[Result "1-0"]
[ICCResult "Black forfeits on time"]
[WhiteElo "2115"]
[BlackElo "1711"]
[Opening "Robatsch defense: Pseudo-Austrian attack"]
[ECO "B07"]
[NIC "VO.17"]
[Time "20:35:05"]
[TimeControl "180+0"]

1. e4 d6 2. d4 g6 3. Nc3 Bg7 4. f4 c5 5. dxc5 Qa5 6. Bd2 Qxc5 7. Nf3 Bg4 8.
Bd3 Nc6 9. h3 Bxf3 10. Qxf3 Nf6 11. Be3 Qb4 12. Rb1 Nxe4 13. Bxe4 Bxc3+ 14.
Kf2 Bd4 15. Bxc6+ Kf8 16. Bxb7 Bxe3+ 17. Kxe3 Qb6+ 18. Ke2 Qb5+ 19. Kd2 Rb8
20. Be4 Qb4+ 21. Kc1 Qa5 22. a3 Kg7 23. Bd3 Rhc8 24. Rd1 Qc7 25. Rd2 Rb3 26.
Kd1 Rb6 27. Qe4 Qd8 28. Qd4+ Kg8 29. c3 {Black forfeits on time} 1-0

[Event "ICCopen2016"]
[Site "Internet Chess Club"]
[Date "2016.06.03"]
[Round "9"]
[White "skippykid"]
[Black "BitsofKoin"]
[Result "0-1"]
[ICCResult "White checkmated"]
[WhiteElo "2314"]
[BlackElo "2341"]
[Opening "Robatsch defense: two knights variation"]
[ECO "B07"]
[NIC "VO.17"]
[Time "20:34:22"]
[TimeControl "180+0"]

1. e4 d6 2. d4 g6 3. Nc3 Bg7 4. Nf3 e6 5. Bc4 Ne7 6. O-O O-O 7. Bg5 h6 8.
Bh4 g5 9. Bg3 a6 10. a4 b6 11. Re1 Bb7 12. h4 g4 13. Nh2 h5 14. Nb1 d5 15.
exd5 Nxd5 16. c3 Nd7 17. f3 f5 18. fxg4 fxg4 19. Rxe6 N7f6 20. Nd2 Kh8 21.
Re5 Ne7 22. Qc2 Neg8 23. Qg6 Nh6 24. Bf4 Nfg8 25. Bxh6 Nxh6 26. Rxh5 Rf6 27.
Qg5 Qd6 28. Nxg4 Rg6 29. Ne5 Rxg5 30. Nf7+ Kh7 31. Nxg5+ Kg6 32. Rxh6+ Bxh6
33. Bd3+ Kg7 34. Nc4 Qg3 35. Be4 Bxe4 36. Nxe4 Be3+ 37. Nxe3 Qxe3+ 38. Nf2
Rf8 39. Rf1 Qe2 40. g3 Kg6 41. Kg2 Kh5 42. g4+ Kxh4 43. Rh1+ Kg5 44. Rf1 Kf4
45. Kg1 Ke3 46. g5 Rxf2 47. Rxf2 Qe1+ 48. Kg2 Qxf2+ 49. Kh3 Qf5+ 50. Kh4 Qg6
51. Kg4 Ke4 52. d5 Qf5+ 53. Kh5 Qf4 54. Kh6 Kf5 55. Kh7 Qxg5 56. Kh8 Kf6 57.
Kh7 Qg7# {White checkmated} 0-1

[Event "ICCopen2016"]
[Site "Internet Chess Club"]
[Date "2016.06.03"]
[Round "9"]
[White "kabindra"]
[Black "BigSerge"]
[Result "1/2-1/2"]
[ICCResult "Game drawn by repetition"]
[WhiteElo "1543"]
[BlackElo "2020"]
[Opening "Scotch gambit: Dubois-Réti defense"]
[ECO "C55"]
[NIC "KP.02"]
[Time "20:35:23"]
[TimeControl "180+0"]

1. e4 e5 2. Nf3 Nc6 3. Bc4 Nf6 4. d4 exd4 5. e5 d5 6. Bb5 Ne4 7. Nxd4 Bd7 8.
Bxc6 bxc6 9. O-O c5 10. f3 cxd4 11. fxe4 c5 12. exd5 Bb5 13. Re1 Qxd5 14.
Nc3 Qb7 15. Ne4 O-O-O 16. Bg5 Be7 17. Bxe7 Qxe7 18. Nd6+ Rxd6 19. exd6 Qxd6
20. Qg4+ Bd7 21. Qxg7 Rd8 22. Qg3 Qd5 23. Re5 Qc4 24. Qg5 Kb8 25. Rxc5 Qe2
26. Qf4+ Ka8 27. Qc7 Rg8 28. g3 Qe3+ 29. Kg2 Qe2+ 30. Kg1 Qe3+ 31. Kg2 Qe2+
32. Kg1 Qe3+ {Game drawn by repetition} 1/2-1/2